 Dungeon Crawl Stone Soup version 0.20-a0-993-gba41c3c (webtiles) character file.

51 Alarkh the Insei (level 3, 0/28 HPs)
             Began as a Demonspawn Transmuter on Apr 11, 2017.
             Slain by a kobold
             ... wielding a +1 short sword of electrocution
              (10 damage)
             ... on level 2 of the Dungeon.
             The game lasted 00:01:49 (2028 turns).

Alarkh the Insei (Demonspawn Transmuter)            Turns: 2028, Time: 00:01:49

Health: 0/28       AC:  3    Str:  9 (10) XL:     3   Next: 57%
Magic:  5/6        EV: 12    Int: 13 (15) God:
Gold:   31         SH:  0    Dex: 12 (13) Spells: 5/6 levels left

rFire    . . .     SeeInvis .     - Unarmed
rCold    . . .     Gourm    .   (no shield)
rNeg     . . .     Faith    .   b - +0 robe
rPois    .         Spirit   .   (no helmet)
rElec    .         Reflect  .   (no cloak)
rCorr    .         Harm     .   g - +0 pair of gloves
MR       .....                  (no boots)
Stlth    +.........             (no amulet)
Regen    0.1/turn               (no ring)
MPRegen  0.1/turn               (no ring)

@: appendage (expiring)
A: hooves 1, horns 2, powered by pain 1
a: End Transformation


You were on level 2 of the Dungeon.
You were not hungry.
You had grown temporary horns.
You visited 1 branch of the dungeon, and saw 2 of its levels.

You collected 31 gold pieces.

Inventory:

Missiles
 a - 12 arrows
Armour
 b - a +0 robe (worn)
 g - a +0 pair of gloves (worn)
Scrolls
 e - a scroll of identify {unknown}
 h - a scroll of random uselessness {unknown}
 i - 3 scrolls of amnesia {unknown}
Books
 c - a book of Changes

   Spells                             Type                      Level
   a - Beastly Appendage              Transmutation                1
   b - Sticks to Snakes               Transmutation                2
   c - Spider Form                    Transmutation/Poison         3
   d - Ice Form                       Ice/Transmutation            4
   e - Blade Hands                    Transmutation                5
Comestibles
 d - a bread ration
 f - 2 chunks of flesh
 j - 4 fruits


   Skills:
 + Level 2.3 Fighting
 - Level 1.7 Dodging
 * Level 3.6 Unarmed Combat
 - Level 2.0 Spellcasting
 - Level 1.7 Transmutations


You had 5 spell levels left.
You knew the following spells:

 Your Spells              Type           Power        Failure   Level  Hunger
a - Beastly Appendage     Tmut           #.....       14%         1    ##.....


Dungeon Overview and Level Annotations

Branches:
Dungeon (2/15)

Altars:


Innate Abilities, Weirdness & Mutations

You have large cloven feet.
You sometimes gain a little power by taking damage.
You have a pair of horns on your head.


Message History

The kobold hits you but does no damage.
Casting: Beastly Appendage
Confirm with . or Enter, or press ? or * to list all spells.
You grow a pair of large bovine horns.
The kobold hits you with a short sword of electrocution.
Unknown command.
You hit the kobold.
The kobold is severely wounded.
You hit the kobold but do no damage.
The kobold is severely wounded.
The kobold misses you.
You barely miss the kobold.
The kobold is severely wounded.
The kobold barely misses you.
You hit the kobold but do no damage. Your punch misses the kobold.
The kobold is severely wounded.
Your transformation is almost over.
The kobold hits you with a short sword of electrocution.
You are electrocuted!
You die...

+.......รท.#
#######.###
#.......<#
#.######.#
##.###.######.#.
.................
###.#.##.......#.
#. #...#.....#
#....#@#..## #
######K#..
####....
#....#..#
#...<##.# #....#
.. ###### #. ..


You could see a kobold.

Vanquished Creatures
  A gnoll (D:1)
  A dart slug (D:1)
  A leopard gecko (D:1)
  6 giant cockroaches
  3 goblins (D:1)
  5 hobgoblins (D:1)
  A jackal (D:1)
  5 bats (D:1)
  3 frilled lizards (D:1)
  6 kobolds (D:1)
  4 rats
  A plant (D:1)
37 creatures vanquished.

Notes
Turn   | Place    | Note
-------+----------+-------------------------------------------
     0 | D:1      | Alarkh the Demonspawn Transmuter began the quest for the Orb.
     0 | D:1      | Reached XP level 1. HP: 15/15 MP: 3/3
   231 | D:1      | Reached skill level 3 in Unarmed Combat
   388 | D:1      | Gained mutation: You sometimes gain a little power by taking damage. [demonic ancestry]
   388 | D:1      | Reached XP level 2. HP: 21/21 MP: 5/5
  1245 | D:1      | Gained mutation: You have large cloven feet. [demonic ancestry]
  1245 | D:1      | Reached XP level 3. HP: 20/27 MP: 6/6
  2028 | D:2      | Slain by a kobold

Vault maps used:
D:1:      onia_arrival_mini_maze_b
D:2:      chequers_ecumenical_altar_simple_redux

Skill      XL: |  1  2 |
---------------+-------+-----
Unarmed Combat | 3 |  3.6
Fighting       | 2 |  2.3
Dodging        | |  1.7
Spellcasting   | |  2.0
Transmutations | |  1.7

Action                   || total
-------------------------++-------
Melee: Unarmed           ||   246
       Punch             ||     3
       Kick              ||    44
 Cast: Beastly Appendage ||     1
  Use: Potion            ||     3
 Stab: Sleeping          ||     2
       Distracted        ||     1
  Eat: Chunk             ||     4
Armor: Robe              ||    34
Dodge: Dodged            ||   110
